 Dungeon Crawl Stone Soup version 0.24.0-2-g5b39cebb1c (webtiles) character file.

Game seed: 6083016978980678524, levelgen mode: deterministic

3962 Inarius the Cleaver (level 10, 0/73 HPs)
             Began as a Demonspawn Gladiator on Oct 30, 2019.
             Was an Elder of Trog.
             Killed by divine providence
             ... invoked by an orc priest
              (11 damage)
             ... on level 9 of the Dungeon.
             The game lasted 00:10:06 (7600 turns).

Inarius the Cleaver (Demonspawn Gladiator)          Turns: 7600, Time: 00:10:06

Health: 0/73       AC: 15    Str: 18    XL:     10   Next: 2%
Magic:  0/10       EV:  3    Int: 10    God:    Trog [****..]
Gold:   300        SH: 14    Dex: 14    Spells: 9/9 levels left

rFire    . . .     SeeInvis .   a - +0 war axe
rCold    . . .     Gourm    .   p - +2 large shield
rNeg     . . .     Faith    .   u - +0 plate armour
rPois    .         Spirit   +   (helmet restricted)
rElec    .         Reflect  .   D - +1 cloak
rCorr    +         Harm     .   (no gloves)
MR       .....                  F - +0 pair of boots
Stlth    ..........             w - amulet of regeneration
HPRegen  0.62/turn              (no ring)
MPRegen  0.24/turn              t - ring of resist corrosion

@: berserk cooldown, slowed, very slow
A: antennae 2, powered by death 1, magic shield, magic regeneration, sturdy
frame 1
a: Berserk, Trog's Hand, Brothers in Arms, Renounce Religion


You were on level 9 of the Dungeon.
You worshipped Trog.
Trog was greatly pleased with you.
You were hungry.

You visited 1 branch of the dungeon, and saw 9 of its levels.

You collected 300 gold pieces.

Inventory:

Hand Weapons
 a - a +0 war axe (weapon)
 k - a +0 war axe of chopping
Missiles
 d - 5 throwing nets (quivered)
Armour
 c - a +0 helmet
 p - a +2 large shield (worn)
 u - a +0 plate armour (worn)
 D - a +1 cloak (worn)
 F - a +0 pair of boots (worn)
Jewellery
 t - a ring of resist corrosion (right hand)
 w - an amulet of regeneration (around neck)
Wands
 E - a wand of iceblast (9)
Scrolls
 b - 2 scrolls of magic mapping
 e - a scroll of enchant armour {unknown}
 r - a scroll of fear {unknown}
 s - 3 scrolls of enchant weapon {unknown}
 v - a scroll of blinking {unknown}
 y - a scroll of teleportation {unknown}
 B - a scroll of fog {unknown}
 C - a scroll of random uselessness {unknown}
Potions
 g - 5 potions of haste
 h - 2 potions of curing
 i - 2 potions of flight {unknown}
 j - a potion of lignification {unknown}
 m - a potion of brilliance {unknown}
 n - 3 potions of agility
 o - 3 potions of heal wounds {unknown}
 q - 3 potions of degeneration {unknown}
 x - a potion of magic {unknown}
 z - a potion of ambrosia {unknown}
 A - a potion of berserk rage {unknown}
Comestibles
 f - 15 rations
 l - 8 chunks of flesh


   Skills:
 + Level 4.6 Fighting
 * Level 11.0 Axes
 - Level 1.7 Throwing
 + Level 5.3 Armour
 - Level 3.7 Dodging
 - Level 0.3 Stealth
 + Level 1.5 Shields
 + Level 0.9 Unarmed Combat
 + Level 0.5 Evocations


You had 9 spell levels left.
You didn't know any spells.
Your spell library was empty.

Dungeon Overview and Level Annotations

Branches:
Dungeon (9/15)             Temple (0/1) D:6
   Lair: D:8-11         Orc: D:9-12

Altars:
Fedhas
Okawaru
Ru
Sif Muna
Trog
Vehumet
Wu Jian
Xom
Yredelemnul


Innate Abilities, Weirdness & Mutations

You have a pair of antennae on your head.
You regenerate a little health from kills.
When hurt, damage is shared between your health and your magic reserves.
You regenerate magic rapidly.
Your movements are slightly less encumbered by armour. (ER -2)


Message History

The troll shouts!
You hit the orc wizard.
You kill the orc wizard!
Trog accepts your kill.
Trog appreciates your killing of a magic user.
The orc hits you but does no damage.
The orc priest looks satisfied for a moment.
Your shield and plate armour prevent you from hitting the orc.
You block the orc's attack.
The orc priest invokes the aid of Beogh against you.
Beogh smites you!
* * * LOW HITPOINT WARNING * * *
The orc priest calls down the wrath of Beogh upon you.
Beogh smites you!
* * * LOW HITPOINT WARNING * * *
Okay, then.
You feel better.
The orc priest mumbles some strange prayers to Beogh against you.
Beogh smites you!
You die...

### #.. #.. ######### #..
........# #.. ........#
########.. ........#
#####......'..
<....T))#####.....######..
......ooo@....##### #..
####...o####### #.. #....#
#.. ###{## #.. { o. ###
.## .# ######### .#
........# .........# #


You could see a troll, 2 orc priests and 2 orcs.

Vanquished Creatures
  Joseph (D:8)
  Grinder (D:5)
  A hippogriff (D:8)
  A spriggan (D:8)
  2 wargs (D:9)
  Menkaure (D:7)
  2 orc warriors
  A necrophage (D:9)
  3 ice beasts
  A phantom (D:6)
  6 ogres
  A centaur (D:5)
  Blork the orc (D:6)
  2 bullfrogs
  2 scorpions (D:4)
  2 howler monkeys
  3 crimson imps
  A bullfrog zombie (D:5)
  A hound (D:4)
  A jelly (D:7)
  Crazy Yiuf (D:7)
  5 orc priests
  10 orc wizards
  3 iguanas
  8 worker ants
  A hound zombie (D:5)
  A howler monkey zombie (D:7)
  8 adders
  7 gnolls
  2 shadow imps (D:7)
  An adder skeleton (D:4)
  2 worms
  2 dart slugs
  3 leopard geckos
  28 orcs
  8 bats
  4 giant cockroaches
  4 goblins
  5 hobgoblins
  7 jackals
  7 kobolds
  5 quokkas
  3 frilled lizards
  A jackal skeleton (D:5)
  A rat (D:1)
161 creatures vanquished.

Notes
Turn   | Place    | Note
-------+----------+-------------------------------------------
     0 | D:1      | Inarius the Demonspawn Gladiator began the quest for the
                  | Orb.
     0 | D:1      | Reached XP level 1. HP: 16/16 MP: 1/1
   107 | D:1      | Reached skill level 3 in Axes
   107 | D:1      | Gained mutation: You regenerate a little health from kills.
                  | [demonic ancestry]
   107 | D:1      | Reached XP level 2. HP: 21/22 MP: 2/2
   464 | D:2      | Gained mutation: When hurt, damage is shared between your
                  | health and your magic reserves. [demonic ancestry]
   464 | D:2      | Reached XP level 3. HP: 27/27 MP: 3/3
   613 | D:2      | Found a blossoming altar of Fedhas.
   672 | D:2      | Found a shimmering blue altar of Sif Muna.
   713 | D:2      | Found an ornate altar of the Wu Jian Council.
   719 | D:2      | Found a basalt altar of Yredelemnul.
   945 | D:3      | Found a faded altar of an unknown god.
  1008 | D:3      | Became a worshipper of Trog the Wrathful
  1008 | D:3      | Reached * piety under Trog
  1389 | D:3      | Reached skill level 4 in Axes
  1389 | D:3      | Gained mutation: You regenerate magic rapidly. [demonic
                  | ancestry]
  1389 | D:3      | Reached XP level 4. HP: 30/33 MP: 2/4
  1559 | D:3      | Found an iron altar of Okawaru.
  1564 | D:3      | Found a sacrificial altar of Ru.
  1888 | D:4      | Reached skill level 1 in Armour
  2016 | D:4      | Reached XP level 5. HP: 24/39 MP: 5/5
  2393 | D:4      | Reached skill level 5 in Axes
  2404 | D:4      | Noticed an ogre
  2406 | D:4      | Killed an ogre
  2406 | D:4      | Gained mutation: You have a pair of small antennae on your
                  | head. [demonic ancestry]
  2406 | D:4      | Reached XP level 6. HP: 45/46 MP: 6/6
  2422 | D:4      | Reached ** piety under Trog
  2600 | D:4      | Found a shimmering altar of Xom.
  3013 | D:4      | Reached skill level 6 in Axes
  3174 | D:5      | Entered Level 5 of the Dungeon
  3260 | D:5      | Gained mutation: Your movements are slightly less
                  | encumbered by armour. (ER -2) [demonic ancestry]
  3260 | D:5      | Reached XP level 7. HP: 34/51 MP: 2/7
  3556 | D:5      | Reached skill level 7 in Axes
  3763 | D:5      | Noticed Grinder
  3792 | D:5      | Killed Grinder
  3792 | D:5      | Reached XP level 8. HP: 15/58 MP: 3/8
  4250 | D:5      | Reached skill level 8 in Axes
  4591 | D:6      | Noticed Blork the orc
  4607 | D:6      | Killed Blork the orc
  4709 | D:6      | Found a staircase to the Ecumenical Temple.
  5325 | D:6      | Reached skill level 9 in Axes
  5446 | D:7      | Found a radiant altar of Vehumet.
  5766 | D:7      | Reached *** piety under Trog
  5766 | D:7      | Gained mutation: You have a pair of antennae on your head.
                  | [demonic ancestry]
  5766 | D:7      | Reached XP level 9. HP: 65/65 MP: 9/9
  6175 | D:7      | Noticed Menkaure
  6240 | D:7      | Killed Menkaure
  6394 | D:7      | Found a runed translucent door.
  6395 | D:7      | Noticed Crazy Yiuf
  6407 | D:7      | Killed Crazy Yiuf
  6407 | D:7      | Reached skill level 10 in Axes
  6948 | D:8      | Noticed Joseph
  6960 | D:8      | Killed Joseph
  6960 | D:8      | Reached skill level 5 in Armour
  7448 | D:9      | Reached **** piety under Trog
  7477 | D:9      | Reached skill level 1 in Shields
  7579 | D:9      | Reached skill level 11 in Axes
  7583 | D:9      | Reached XP level 10. HP: 70/73 MP: 7/10
  7600 | D:9      | Killed from afar by an orc priest

Levels and vault maps discovered:
D:1:      wander_arrival_lonely_grave, layout_rooms
D:2:      layout_basic, nicolae_overflow_crystal_walls,
          amethyst_overflow_temple_binary, overflow_temple_1_default
D:3:      layout_loops_ring, gammafunk_temple_overflow_statue,
          chequers_ecumenical_altar_simple
D:4:      layout_gridville, first_ration, xom_teletrap_fun
D:5:      layout_basic, mrwooster_statue_mirror, hangedman_decor_push,
          uniq_grinder
D:6:      layout_basic, minmay_temple_entry_drinking_statues, uniq_blork_the_orc
D:7:      layout_basic, basic_altar, uniq_crazy_yiuf_cottage, uniq_menkaure
D:8:      layout_loops_ring, the_bakery, minmay_misc_feat_iff, chequers_jeans,
          minmay_misc_feat_tower, uniq_joseph
D:9:      layout_roguey, erik_lair_orcish_takeover, uniq_psyche

Skill      XL: |  1  2  3  4  5  6  7  8  9 |
---------------+----------------------------+-----
Axes           | 3 4 5 6 7 9 11 | 11.0
Dodging        | 3 |  3.7
Armour         | 1 2 3 4 5 |  5.3
Fighting       | 3 4 |  4.6
Shields        | 1 |  1.5
Throwing       | |  1.7
Stealth        | |  0.3
Unarmed Combat | |  0.9
Evocations     | |  0.5

Action                   |  1- 3 |  4- 6 |  7- 9 | 10-12 || total
-------------------------+-------+-------+-------+-------++-------
Melee: War axe           |   120 |   128 |   488 |    16 ||   752
       Unarmed           |       |     6 |       |       ||     6
       Punch             |       |       |     1 |       ||     1
Invok: Berserk           |       |     1 |     4 |       ||     5
       Trog's Hand       |       |       |     1 |       ||     1
Evoke: Wand              |       |     2 |     7 |       ||     9
  Use: Scroll            |       |     4 |     2 |       ||     6
       Potion            |       |     1 |       |     1 ||     2
  Eat: Chunk             |     1 |     7 |    15 |       ||    23
       Ration            |       |       |     1 |       ||     1
Armor: Leather armour    |    10 |       |       |       ||    10
       Ring mail         |    37 |       |       |       ||    37
       Chain mail        |     1 |    27 |       |       ||    28
       Plate armour      |       |   103 |   261 |     2 ||   366
Dodge: Dodged            |   102 |    51 |   159 |     1 ||   313
Block: Large shield      |       |       |    68 |    11 ||    79
